Map: Sludge City

Players

Radeus - Winner!

  • Race: Terran Terran
  • League: Gold
  • Spawn Location: 5:00

Gracz - Winner!

  • Race: Terran Terran
  • League: Bronze
  • Spawn Location: 5:00

zui

  • Race: Protoss Protoss
  • League: Platinum
  • Spawn Location: 9:00

zui

  • Race: Zerg Zerg
  • Spawn Location: 11:00

VOD

Have the link to the VOD?

Description

Time

  • Played on: Sept. 16, 2016, 5:11 p.m.
  • Length: 14:40
Show
View Real Time Build Order
Export as new Build Order

Radeus Terran - Winner!

Build Orders:  

Get SALT Encoding   

  12  0:01  SCV  
  13  0:14  SCV  
  13  0:19  Supply Depot  
  14  0:26  SCV  
  15  0:41  SCV  
  16  0:44  Barracks  
  16  0:58  SCV  
  16  1:03  Refinery  
  17  1:10  SCV  
  19  1:28  SCV  
  19  1:33  Supply Depot  
  19  1:42  Orbital Command  
  19  2:02  Command Center  
  19  2:25  Factory  
  19  2:27  SCV  
  20  2:30  Refinery  
  20  2:35  Reaper  
  21  2:39  SCV  
  22  2:50  Barracks  
  22  2:56  SCV  
  23  3:08  SCV  
  27  3:14  Factory Reactor  
  24  3:20  SCV  
  24  3:24  Barracks Reactor  
  24  3:25  Supply Depot  
  24  3:27  Orbital Command  
  25  3:34  SCV  
  26  3:42  Starport  
  26  3:46  SCV  
  27  3:50  Starport  
  27  4:16  SCV  
  28  4:17  SCV  
  28  4:23  Barracks Reactor  
  29  4:25  Marine x2  
  29  4:28  Hellion x2, SCV  
  29  4:29  SCV  
  36  4:40  Medivac  
  36  4:41  Medivac  
  36  4:43  Marine x2  
  42  4:49  Hellion x2  
  46  4:53  SCV  
  46  4:55  Refinery  
  46  4:57  Refinery  
  47  5:00  Marine x2  
  47  5:01  Marine x2  
  47  5:05  SCV  
  52  5:10  Hellion  
  54  5:16  Supply Depot  
  54  5:18  Supply Depot  
  54  5:21  Supply Depot  
  54  5:25  Supply Depot  
  54  5:37  Widow Mine  
  54  5:38  Marine x3, Medivac, SCV  
  54  5:39  Marine  
  63  5:49  Supply Depot  
  63  5:50  Starport Tech Lab  
  63  5:56  Marine x3  
  64  5:57  Marine  
  50  6:11  Supply Depot, SCV  
  50  6:13  Marine  
  51  6:19  Marine x3  
  54  6:25  Barracks  
  54  6:27  Barracks  
  54  6:30  Barracks  
  54  6:31  Marine  
  55  6:33  Barracks  
  55  6:36  Marine  
  55  6:39  SCV x2  
  58  6:43  Marine x2  
  58  6:45  Hellion, Command Center  
  62  6:49  Marine  
  62  6:50  Medivac  
  62  6:51  SCV x2  
  67  6:54  Marine  
  67  6:59  Starport Tech Lab  
  68  7:03  SCV  
  63  7:30  SCV  
  64  7:37  Barracks Tech Lab  
  64  7:38  Barracks Tech Lab, Barracks Reactor  
  64  7:42  SCV  
  64  7:43  Marine x4, Barracks Reactor  
  69  7:45  Hellion x2  
  69  7:46  Medivac x2  
  77  7:54  SCV  
  78  8:00  Marine  
  79  8:06  Hellion x2  
  79  8:11  Marine x3  
  79  8:12  Marine x2  
  88  8:14  SCV x3  
  88  8:16  Medivac x2  
  88  8:18  Marine  
  96  8:26  SCV  
  97  8:28  Hellion  
  97  8:29  Marine  
  97  8:34  SCV  
  101  8:42  Supply Depot x2  
  101  8:43  Supply Depot  
  101  8:46  Medivac x2  
  97  9:04  Supply Depot  
  87  9:11  Marine  
  87  9:12  Marine x7  
  87  9:14  Hellion x2  
  87  9:16  Medivac x2  
  99  9:27  Supply Depot, Stimpack  
  99  9:29  Marine  
  99  9:30  Marine x3  
  103  9:32  High Capacity Fuel Tanks  
  103  9:35  Hellion x2  
  107  9:40  Refinery, SCV x2  
  107  9:41  Refinery  
  107  9:44  Orbital Command  
  109  9:46  Medivac x2  
  109  9:52  SCV  
  114  9:53  SCV  
  114  9:55  Marine  
  114  9:56  Marine  
  114  9:57  Hellion x2  
  121  10:01  Command Center  
  121  10:18  Hellion x2  
  123  10:25  Liberator x2  
  95  10:37  Marine x6  
  95  10:38  Marine x2  
  95  10:39  Widow Mine x2  
  113  10:55  Marine x4  
  117  11:07  Liberator, Widow Mine x2  
  121  11:17  Engineering Bay  
  124  11:26  SCV  
  124  11:27  SCV x2  
  128  11:33  Orbital Command  
  128  11:39  Refinery  
  127  11:40  Marine x8  
  127  11:43  Hellion  
  127  11:44  Engineering Bay  
  127  11:45  Viking  
  139  11:57  Marine  
  139  11:58  Marine x7  
  147  12:07  Medivac  
  129  12:15  Marine  
  129  12:16  Marine x7  
  129  12:20  SCV  
  129  12:21  SCV x3  
  141  12:32  SCV  
  141  12:33  Marine x2, SCV  
  141  12:36  Marine x6  
  151  12:37  Medivac, Widow Mine x2  
  138  12:51  Liberator x2, Marine x2  
  110  12:54  Marine x6  
  82  13:06  Widow Mine x2  
  82  13:09  Marine x2  
  82  13:11  Marine  
  82  13:12  Marine x5  
  100  13:27  Marine x2  
  100  13:29  Marine x4  
  100  13:30  Marine x2  
  108  13:34  Liberator x2, Widow Mine  
  108  13:35  Widow Mine  
  112  13:44  Marine  
  112  13:45  Marine  
  112  13:47  Marine x6  
  125  14:06  SCV  
  125  14:09  Marine, Marauder  
  123  14:10  Marine x5, Marauder  
Show
View Real Time Build Order
Export as new Build Order

Gracz Terran - Winner!

Build Orders: Reaper Expand 

Get SALT Encoding   

  12  0:02  SCV  
  13  0:24  Refinery  
  13  0:29  Supply Depot  
  13  0:51  SCV  
  14  1:03  SCV  
  14  1:04  Barracks  
  15  1:15  SCV  
  15  1:16  Barracks  
  16  1:33  Engineering Bay  
  16  1:35  SCV  
  17  1:46  Supply Depot  
  17  1:47  SCV  
  18  1:54  Reaper  
  19  2:12  Orbital Command  
  19  2:36  Barracks Reactor  
  19  2:40  Barracks Reactor  
  19  2:48  SCV  
  19  2:49  Refinery  
  20  2:59  Command Center  
  20  3:00  SCV  
  21  3:12  SCV  
  22  3:19  Supply Depot  
  22  3:22  Terran Infantry Armor Level 1  
  22  3:24  SCV  
  22  3:26  Reaper x2  
  25  3:37  SCV  
  26  3:49  SCV  
  26  4:01  SCV  
  27  4:05  Reaper x4  
  27  4:07  Refinery  
  31  4:13  SCV  
  32  4:25  SCV  
  33  4:33  Refinery  
  33  4:37  Reaper  
  33  4:48  Reaper x2  
  33  4:49  Reaper  
  36  4:56  Supply Depot, SCV  
  36  4:59  SCV  
  38  5:08  SCV  
  38  5:09  Reaper  
  38  5:11  SCV  
  41  5:19  Supply Depot  
  41  5:20  SCV, Reaper  
  41  5:21  Reaper  
  44  5:23  SCV  
  45  5:32  SCV  
  45  5:35  SCV  
  47  5:39  Factory  
  47  5:42  Factory  
  47  5:45  SCV  
  47  5:48  Barracks  
  41  7:24  Barracks Reactor  
  41  7:31  Starport  
  41  7:32  Starport  
  36  8:02  Marine x6  
  42  8:07  Factory Tech Lab x2  
  42  8:10  Barracks  
  42  8:17  Starport Reactor x2  
  42  8:20  Barracks, Marine x4, Orbital Command  
  46  8:37  Command Center  
  46  8:39  Engineering Bay  
  46  8:42  Armory  
  46  8:45  Command Center  
  46  8:49  Supply Depot  
  46  9:02  Medivac x4  
  50  9:06  Siege Tank x2  
  60  9:15  Liberator x3, Supply Depot  
  60  9:27  Barracks  
  60  9:29  Barracks Reactor x2  
  60  9:30  Armory  
  60  9:32  Marine  
  60  9:33  Marine x5  
  60  9:36  Medivac  
  60  9:37  Supply Depot  
  60  9:38  Siege Tank  
  80  9:48  Orbital Command  
  80  9:50  Marine x2  
  82  9:59  Supply Depot  
  82  10:06  Medivac  
  84  10:15  Medivac x3  
  90  10:21  Supply Depot  
  90  10:36  Medivac  
  90  10:42  Barracks Reactor  
  92  10:47  Marine x8  
  92  10:48  Reaper x2  
  102  11:00  SCV x3  
  105  11:05  Reaper x5  
  107  11:12  SCV  
  107  11:13  SCV x2  
  104  11:23  Marine  
  104  11:24  Marine x4, SCV  
  104  11:25  SCV x2  
  112  11:27  Medivac x4  
  120  11:36  SCV  
  120  11:37  Marine x3  
  124  11:40  Orbital Command  
  124  11:41  Marine x2  
  126  11:54  Orbital Command  
  126  11:59  SCV x2  
  128  12:11  SCV x2  
  130  12:23  SCV x2  
  132  12:35  SCV x2  
  111  13:08  Liberator x2  
  111  13:16  Marine x6  
  111  13:17  Marine x6  
  123  13:20  Thor  
  123  13:21  Thor  
  141  13:34  Marine x7  
  148  13:47  Supply Depot  
  148  14:00  Marine  
  148  14:05  Marine  
  148  14:08  Marine x6, Medivac  
  156  14:10  Supply Depot  
  156  14:13  Marine  
Show
View Real Time Build Order
Export as new Build Order

zui Protoss 

Build Orders:  

Get SALT Encoding   

  12  1:28  Probe (Chrono Boost)  
  12  1:29  Nexus  
  13  1:36  Nexus  
  13  1:37  Pylon  
  13  1:39  Probe (Chrono Boost)  
  14  1:49  Probe (Chrono Boost)  
  15  1:56  Forge  
  15  2:00  Probe (Chrono Boost)  
  16  2:09  Pylon  
  16  2:10  Probe (Chrono Boost)  
  17  2:21  Probe (Chrono Boost)  
  18  2:25  Pylon  
  18  2:31  Probe (Chrono Boost)  
  19  2:42  Probe (Chrono Boost)  
  20  2:47  Photon Cannon  
  20  2:49  Probe x2 (Chrono Boost)  
  22  2:56  Photon Cannon  
  23  2:58  Probe (Chrono Boost)  
  23  3:05  Photon Cannon  
  23  3:07  Probe (Chrono Boost)  
  23  3:10  Probe (Chrono Boost)  
  25  3:18  Pylon  
  25  3:19  Probe (Chrono Boost)  
  27  3:20  Probe (Chrono Boost)  
  27  3:22  Probe (Chrono Boost)  
  28  3:30  Probe x2 (Chrono Boost)  
  28  3:33  Probe (Chrono Boost)  
  31  3:39  Photon Cannon  
  31  3:40  Probe (Chrono Boost)  
  31  3:41  Probe (Chrono Boost)  
  33  3:42  Gateway  
  33  3:43  Probe (Chrono Boost)  
  34  3:51  Probe x2 (Chrono Boost)  
  34  3:54  Probe (Chrono Boost)  
  37  4:01  Probe (Chrono Boost)  
  37  4:02  Probe (Chrono Boost)  
  39  4:04  Probe (Chrono Boost)  
  39  4:09  Photon Cannon  
  38  4:19  Probe x2 (Chrono Boost)  
  38  4:20  Probe (Chrono Boost), Photon Cannon  
  38  4:22  Assimilator  
  38  4:23  Assimilator  
  41  4:30  Probe x3 (Chrono Boost)  
  44  4:35  Assimilator, Cybernetics Core  
  44  4:40  Probe x2 (Chrono Boost)  
  44  4:41  Probe (Chrono Boost)  
  47  4:51  Probe x3 (Chrono Boost)  
  50  4:53  Assimilator x2  
  50  5:00  Assimilator  
  50  5:01  Probe (Chrono Boost)  
  50  5:02  Probe x2 (Chrono Boost)  
  53  5:12  Probe x2 (Chrono Boost)  
  56  5:17  Mothership Core (Chrono Boost)  
  57  5:23  Probe x2 (Chrono Boost)  
  59  5:33  Probe x2 (Chrono Boost)  
  59  5:35  Probe (Chrono Boost)  
  62  5:44  Probe (Chrono Boost)  
  62  5:45  Probe (Chrono Boost)  
  64  5:56  Probe (Chrono Boost)  
  65  5:57  Nexus  
  65  6:00  Pylon x2, Photon Cannon  
  65  6:02  Pylon  
  65  6:04  Photon Cannon  
  65  6:05  Pylon, Photon Cannon  
  65  6:09  Pylon  
  65  6:10  Probe x2 (Chrono Boost)  
  67  6:13  Pylon  
  67  6:14  Pylon  
  67  6:16  Pylon  
  67  6:17  Pylon  
  67  6:18  Assimilator, Pylon  
  67  6:19  Pylon x2  
  67  6:20  Pylon  
  67  6:21  Assimilator  
  67  6:24  Pylon  
  67  6:55  Photon Cannon  
  67  6:57  Photon Cannon  
  67  6:59  Photon Cannon  
  67  7:01  Photon Cannon  
  67  7:06  Mothership Core (Chrono Boost)  
  67  7:37  Stargate  
  67  7:38  Stargate  
  67  7:40  Stargate  
  67  7:41  Stargate  
  67  7:42  Stargate, Probe x3 (Chrono Boost)  
  70  7:47  Stargate  
  70  7:52  Probe x2 (Chrono Boost)  
  70  7:53  Probe (Chrono Boost)  
  73  8:03  Probe (Chrono Boost)  
  74  8:12  Probe x3 (Chrono Boost)  
  77  8:13  Probe (Chrono Boost)  
  78  8:24  Photon Cannon  
  78  8:25  Photon Cannon, Void Ray x4  
  78  8:26  Void Ray, Photon Cannon  
  98  8:29  Photon Cannon  
  98  8:31  Photon Cannon  
  98  8:32  Photon Cannon  
  98  8:34  Fleet Beacon  
  98  8:42  Photon Cannon  
  98  8:43  Photon Cannon  
  98  8:44  Probe x3 (Chrono Boost), Photon Cannon  
  95  9:08  Photon Cannon  
  95  9:12  Photon Cannon  
  95  9:13  Photon Cannon  
  95  9:14  Photon Cannon  
  95  9:15  Photon Cannon  
  95  9:17  Pylon, Photon Cannon  
  95  9:20  Pylon x2  
  95  9:22  Photon Cannon  
  95  9:24  Pylon, Probe x4 (Chrono Boost)  
  99  9:25  Tempest x3, Photon Cannon  
  99  9:27  Carrier  
  99  9:28  Carrier x2  
  129  9:32  Protoss Air Weapons Level 1  
  129  9:34  Probe x2 (Chrono Boost)  
  129  9:35  Probe x2 (Chrono Boost)  
  133  9:43  Graviton Catapult  
  136  9:45  Probe x2 (Chrono Boost)  
  136  9:46  Probe (Chrono Boost)  
  136  9:56  Carrier  
  136  10:02  Tempest x2  
  150  10:33  Carrier  
  150  10:41  Carrier  
  150  10:43  Cybernetics Core  
  162  10:52  Nexus  
  162  10:53  Protoss Shields Level 1, Tempest x2, Carrier  
  162  10:55  Pylon  
  176  10:58  Pylon  
  176  11:00  Pylon  
  176  11:02  Pylon  
  176  11:06  Pylon, Protoss Air Armor Level 1  
  176  11:09  Pylon  
  176  11:10  Assimilator  
  176  11:15  Assimilator  
  176  11:22  Carrier  
  182  11:32  Photon Cannon  
  182  11:34  Photon Cannon  
  182  11:36  Tempest, Carrier  
  182  11:37  Photon Cannon  
  192  11:43  Photon Cannon  
  192  11:47  Photon Cannon  
  192  11:48  Photon Cannon  
  192  11:51  Photon Cannon  
  192  11:53  Photon Cannon  
  192  11:55  Photon Cannon  
  192  12:06  Tempest  
  192  12:09  Protoss Air Weapons Level 2  
  192  12:12  Tempest  
  192  13:04  Robotics Facility  
  192  13:06  Tempest  
  192  13:12  Tempest  
  200  13:29  Twilight Council  
  197  13:50  Tempest  
  197  13:53  Observer  
  194  14:15  Observer  
Show
View Real Time Build Order
Export as new Build Order

zui Zerg 

Build Orders: Hatch First 

Get SALT Encoding   

  12  0:02  Drone  
  13  0:08  Drone  
  14  0:18  Overlord  
  14  0:25  Extractor  
  14  0:26  Drone  
  15  0:38  Drone x2  
  17  0:49  Drone  
  18  0:59  Hatchery  
  18  1:03  Drone  
  18  1:06  Drone  
  19  1:32  Drone x2  
  21  1:36  Spawning Pool  
  20  1:44  Drone  
  21  2:00  Hatchery  
  20  2:03  Overlord  
  20  2:22  Drone x5  
  25  2:32  Queen  
  25  2:35  Queen  
  29  2:39  Extractor, Drone  
  29  2:50  Drone x3  
  32  2:52  Spine Crawler  
  31  2:58  Drone x2  
  33  3:06  Overlord  
  33  3:14  Spore Crawler  
  33  3:15  Queen  
  33  3:16  Overlord  
  33  3:19  Queen  
  36  3:21  Drone x2, Spore Crawler  
  36  3:22  Drone  
  36  3:25  Extractor, Drone  
  36  3:26  Extractor  
  37  3:38  Drone  
  37  3:39  Drone x2  
  37  3:40  Drone x2  
  42  3:52  Spine Crawler  
  41  3:55  Queen  
  41  3:59  Spine Crawler  
  41  4:00  Drone x2  
  41  4:01  Spine Crawler  
  43  4:10  Queen  
  43  4:13  Extractor  
  44  4:28  Overlord x2  
  44  4:30  Drone x3  
  47  4:32  Spore Crawler  
  45  4:38  Queen  
  45  4:41  Drone x5  
  45  4:42  Drone x4  
  56  4:48  Drone  
  56  4:49  Spine Crawler, Drone  
  56  4:50  Spine Crawler  
  56  4:56  Drone x3  
  56  4:59  Queen  
  61  5:19  Overlord x2  
  61  5:22  Queen  
  61  5:23  Drone x2  
  61  5:24  Drone x6  
  61  5:25  Drone  
  72  5:30  Lair  
  72  5:43  Evolution Chamber  
  72  5:45  Evolution Chamber  
  67  6:15  Queen  
  68  6:33  Spine Crawler  
  61  6:51  Queen  
  63  6:59  Spine Crawler  
  63  7:00  Drone x3  
  63  7:01  Spine Crawler  
  64  7:04  Spine Crawler x2  
  55  7:23  Zerg Melee Weapons Level 1  
  55  7:24  Zerg Ground Armor Level 1  
  55  7:25  Spire  
  55  7:26  Zergling x28  
  55  7:27  Zergling x2  
  69  7:31  Spire  
  69  7:34  Hatchery  
  69  7:36  Hatchery  
  64  7:47  Zergling x2  
  64  7:48  Zergling x6, Spore Crawler  
  64  7:50  Spore Crawler  
  62  8:04  Queen  
  64  8:05  Zergling x2  
  64  8:06  Zergling x8  
  69  8:15  Overlord x2  
  69  8:26  Overlord x2  
  69  8:27  Overlord x2  
  69  8:31  Metabolic Boost  
  69  8:40  Queen  
  71  8:43  Mutalisk, Spore Crawler  
  71  8:44  Mutalisk x2  
  76  8:59  Mutalisk  
  76  9:00  Mutalisk x6  
  90  9:17  Mutalisk  
  90  9:18  Mutalisk x2  
  96  9:54  Hatchery  
  96  9:58  Drone  
  96  9:59  Drone x9  
  105  10:06  Mutalisk  
  105  10:07  Mutalisk  
  95  10:43  Hatchery  
  95  10:47  Zerg Melee Weapons Level 2  
  95  10:48  Zerg Ground Armor Level 2  
  94  10:55  Drone x3  
  97  11:01  Drone x5  
  102  11:22  Mutalisk  
  102  11:23  Mutalisk x4  
  112  11:30  Extractor  
  112  11:31  Extractor  
  110  11:38  Overlord x3  
  111  11:40  Drone x3  
  113  12:00  Zergling x2  
  113  12:01  Zergling x18  
  123  12:21  Overlord x5  
  123  12:29  Extractor  
  122  12:43  Zergling x28  
  122  12:44  Zergling x6  
  139  12:55  Infestation Pit  
  133  13:08  Zergling x18  
  133  13:09  Zergling x16  
  150  13:27  Hatchery  
  149  13:50  Mutalisk x3  
  149  13:51  Mutalisk x3  
Tags
 
Add a new tag
Caveats
  • Supply blocks, unpowered buildings, or Contaminate may cause inaccurate times.
  • Supply counts are checked every 10 seconds.